 Dungeon Crawl Stone Soup version 0.24-a0-582-g4d4af813a0 (webtiles) character file.

Game seed: 6731948587916020430

2 Esekla the Skirmisher (level 1, 16/16 HPs)
             Began as an Octopode Abyssal Knight on Aug 27, 2019.
             Was a Follower of Lugonu.
             Got out of the dungeon alive.
             The game lasted 00:01:32 (147 turns).

Esekla the Skirmisher (Octopode Abyssal Knight)      Turns: 147, Time: 00:01:33

Health: 16/16      AC:  1    Str: 11    XL:     1   Next: 30%
Magic:  2/2        EV: 13    Int: 14    God:    Lugonu [*.....]
Gold:   0          SH:  0    Dex: 11    Spells: 0/0 levels left

rFire    . . .     SeeInvis .   a - +1 falchion
rCold    . . .     Gourm    .   (no shield)
rNeg     . . .     Faith    .   (helmet restricted)
rPois    .         Spirit   .   (no amulet)
rElec    .         Reflect  .   (no ring)
rCorr    .         Harm     .   (no ring)
MR       .....                  (no ring)
Stlth    ++........             (no ring)
HPRegen  0.05/turn              (no ring)
MPRegen  0.08/turn              (no ring)
                                (no ring)
                                (no ring)

@: no status effects
A: almost no armour, stealthy swim, amphibious, 8 rings, constrict 8, camouflage
1, gelatinous body 1
a: Depart the Abyss, Renounce Religion


You escaped.
You worshipped Lugonu.
Lugonu was aware of your devotion.
You were not hungry.

You visited 1 branch of the dungeon, and saw 1 of its levels.
You visited the Abyss 1 time.

Inventory:

Hand Weapons
 a - a +1 falchion (weapon)
Scrolls
 c - a scroll of teleportation {unknown}
 d - a scroll of remove curse {unknown}
Comestibles
 b - a ration


   Skills:
 + Level 3.0 Fighting
 * Level 2.0 Long Blades
 * Level 2.5 Dodging
 + Level 2.0 Invocations


You couldn't memorise any spells.
You didn't know any spells.
Your spell library was empty.

Dungeon Overview and Level Annotations

Branches:
Dungeon (1/15)

Altars:


Innate Abilities, Weirdness & Mutations

You cannot wear most types of armour.
You are very stealthy in the water. (Stealth+)
You are amphibious.
You can wear up to eight rings at the same time.
You can use your tentacles to constrict eight enemies at once.
Your skin changes colour to match your surroundings (Stealth+).
Your rubbery body absorbs attacks. (AC +1, EV +1)


Message History

A hellwing comes into view.
Found 22 stones.
A spatial vortex comes into view.
There is a gateway leading out of the Abyss here.
The spatial maelstrom barely misses you. x2
You pass through the gate.
Found a scroll labeled NOMYOSTRETIGG.
There is a staircase leading out of the dungeon here.
A leopard gecko comes into view.
Found a ring mail.
The helpless leopard gecko fails to defend itself.
You hit the leopard gecko. You grab the leopard gecko.
The leopard gecko is almost dead.
You constrict the leopard gecko.
You kill the leopard gecko!
Lugonu accepts your kill.
d - a scroll labeled NOMYOSTRETIGG
There is a staircase leading out of the dungeon here.
Are you sure you want to leave the Dungeon?
This will make you lose the game!
You have escaped!

##. .......
##########..#...#
...............#
#..##.....#...#
#..##8###8##..#
#.........#..[#
#...#.....#...#
#...#..@..#...#
##..#.....#...#
#..#.........#
#.##8###8##..#
#..#.....#...#
#............#
##########...#
#####


There were no monsters in sight!

Vanquished Creatures
  A leopard gecko (D:1)
1 creature vanquished.

Notes
Turn   | Place    | Note
-------+----------+-------------------------------------------
     0 | Abyss:1  | Esekla the Octopode Abyssal Knight began the quest for the
                  | Orb.
     0 | Abyss:1  | Reached XP level 1. HP: 16/16 MP: 2/2
    71 | Abyss:1  | Noticed a hellwing
   110 | Abyss:1  | Noticed a spatial maelstrom
   113 | Abyss:1  | Noticed a spatial vortex
   115 | D:1      | Escaped the Abyss
   147 | D:$      | Got out of the dungeon alive.

Levels and vault maps discovered:
D:1:      scummos_arrival_simple_crosswalls, layout_basic, minivault_14

Action                   || total
-------------------------++-------
Melee: Falchion          ||     1
       Constrict         ||     1
 Stab: Sleeping          ||     1
Dodge: Dodged            ||     2

Table legend:
 A = Non-vault XP
 B = Vault XP
 C = Vault XP percentage of total XP
 D = Non-vault monster count
 E = Vault monster count
 F = Vault count percentage of total count
                 A         B        C        D         E       F
            +---------+---------+-------+---------+---------+-------
      Total |       3 |       0 |   0.0 |       1 |       0 |   0.0
            +---------+---------+-------+---------+---------+-------
        D:1 |       3 |       0 |   0.0 |       1 |       0 |   0.0
            +---------+---------+-------+---------+---------+-------
